[Event "Titled Tuesday Blitz October 18 Late 2022"]
[White "Gonzalez, Francisco Silva"]
[Black "Pasti, Aron"]
[WhiteFideId "1512285"]
[BlackFideId "785857"]
[WhiteElo "2159"]
[BlackElo "2250"]
[Result "1-0"]
[Round "06"]
[TimeControl "180+1"]
[Date "2022.10.19"]
[WhiteClock "0:00:59"]
[BlackClock "0:00:12"]

1. d4 Nf6 2. c4 e6 3. Nc3 d5 4. Bg5 Be7 5. e3 h6 6. Bh4 O-O 7. Nf3 c6 8. Qc2 Nbd7 9. a3 a6 10. Rd1 dxc4 11. Bxc4 b5 12. Ba2 c5 13. Bxf6 Bxf6 14. Bb1 g6 15. dxc5 Qc7 16. b4 Nxc5 17. bxc5 Bb7 18. O-O Bxf3 19. gxf3 Bg7 20. Ne4 f5 21. Nd6 Qc6 22. Kg2 g5 23. Ba2 Rf6 24. e4 g4 25. fxg4 Rg6 26. h3 fxg4 27. h4 Rf8 28. Kg1 Be5 29. Bb3 Rf3 30. Rd3 Rxd3 31. Qxd3 g3 32. f4 Qxc5+ 33. Kg2 Qxd6 34. Qxd6 Bxd6 35. f5 Rg4 36. Bxe6+ Kf8 37. Rd1 Ke7 38. Bc8 Be5 39. f6+ Kxf6 40. Bxg4 1-0


[Site "https://www.chess.com"]

[Event "Titled Tuesday Blitz October 18 Late 2022"]
[White "Gonzalez Vega, Alejandro"]
[Black "Vargas, Mauricio"]
[WhiteFideId "3510042"]
[BlackFideId "4404572"]
[WhiteElo "2257"]
[BlackElo "2025"]
[Result "1-0"]
[Round "06"]
[TimeControl "180+1"]
[Date "2022.10.19"]
[WhiteClock "0:01:25"]
[BlackClock "0:00:03"]

1. e4 c6 2. d4 d5 3. exd5 cxd5 4. Bd3 Nc6 5. c3 Nf6 6. Bf4 Bg4 7. Qb3 Qc8 8. Nd2 Qe6+ 9. Be3 Rb8 10. Ngf3 a6 11. O-O b5 12. Rfe1 Qd6 13. Bg5 e6 14. Ne5 Na5 15. Qc2 h6 16. Bxf6 gxf6 17. Nxg4 Rg8 18. Nxf6+ Kd8 19. Nxg8 Qf4 20. Nf3 Bd6 21. Qd2 Qg4 22. Nxh6 Qh5 23. Ne5 Ke7 24. Nhxf7 Rg8 25. Nxd6 Kxd6 26. Re3 Nc4 27. Bxc4 bxc4 28. Rae1 Qe8 29. Rg3 Rf8 30. b3 cxb3 31. axb3 Rh8 32. c4 1-0


[Site "https://www.chess.com"]

[Event "Titled Tuesday Blitz October 18 Late 2022"]
[White "Gubajdullin, Alexei"]
[Black "Ozen, Batuhan"]
[WhiteFideId "4141202"]
[BlackFideId "6345123"]
[WhiteElo "2200"]
[BlackElo "2401"]
[Result "0-1"]
[Round "06"]
[TimeControl "180+1"]
[Date "2022.10.19"]
[WhiteClock "0:00:05"]
[BlackClock "0:00:18"]

1. d4 Nf6 2. Nf3 d5 3. Bf4 g6 4. e3 Bg7 5. Be2 O-O 6. O-O b6 7. a4 a5 8. Ne5 Bb7 9. Nc3 Nbd7 10. Bb5 Nxe5 11. Bxe5 e6 12. Be2 Rc8 13. Bf3 Nd7 14. Bxg7 Kxg7 15. e4 dxe4 16. Bxe4 Bxe4 17. Nxe4 Nf6 18. Re1 Nxe4 19. Rxe4 Qf6 20. c3 Rfd8 21. Qb3 Rd5 22. Rae1 Rcd8 23. h3 Rf5 24. R1e2 h5 25. Qc4 c5 26. Rd2 Rfd5 27. Qa6 cxd4 28. cxd4 Rxd4 29. Rexd4 Rxd4 30. Rxd4 Qxd4 31. Qb5 e5 32. g3 e4 33. Qb3 Kf6 34. h4 Qb4 35. Qc2 e3 36. fxe3 Qe1+ 37. Kg2 Qxe3 38. b3 Qe6 39. Kh2 Ke5 40. Qd3 Kf6 41. Kg2 Ke7 42. Kh2 f5 43. Qc3 Qe2+ 44. Kg1 Qe6 45. Qg7+ Kd6 46. Qd4+ Kc6 47. Qc3+ Kb7 48. Qg7+ Ka6 49. Qf8 Qc6 50. Qg8 Qc5+ 51. Kg2 Qc6+ 52. Kg1 b5 53. Kh2 bxa4 54. bxa4 Kb6 55. Qb3+ Ka7 56. Qe3+ Qb6 57. Qe7+ Ka6 58. Qe2+ Kb7 59. Qe7+ Kc6 60. Qf6+ Kc5 61. Qc3+ Kd5 62. Qd3+ Qd4 63. Qb5+ Qc5 64. Qd3+ Ke5 65. Qe2+ Kd4 66. Qd2+ Kc4 67. Qb2 Qb4 68. Qc2+ Kd5 69. Qd3+ Ke5 70. Qe3+ Qe4 71. Qc5+ Qd5 72. Qc3+ Ke4 73. Qc2+ Ke3 74. Qc3+ Ke2 75. Qc2+ Qd2 76. Qc4+ Kf3+ 0-1


[Site "https://www.chess.com"]

[Event "Titled Tuesday Blitz October 18 Late 2022"]
[White "Hamitevici, Vladimir"]
[Black "Rangel, Daniel"]
[WhiteFideId "13902393"]
[BlackFideId "2124475"]
[WhiteElo "2401"]
[BlackElo "2225"]
[Result "0-1"]
[Round "06"]
[TimeControl "180+1"]
[Date "2022.10.19"]
[WhiteClock "0:01:44"]
[BlackClock "0:01:23"]

1. e4 c5 2. Nf3 g6 3. Bc4 Bg7 4. O-O Nc6 5. c3 e6 6. d4 cxd4 7. cxd4 Nge7 8. d5 Na5 9. Be2 exd5 10. exd5 O-O 11. Nc3 Nf5 12. Bg5 Bf6 13. Ne4 Bxg5 14. Nfxg5 f6 15. Nf3 b6 16. Qd2 Nb7 17. d6 Re8 18. Bc4+ Kg7 19. Rfe1 Nc5 20. g4 Nxe4 21. Rxe4 Rxe4 22. gxf5 Rg4+ 23. Kh1 Rxc4 24. Qd5 Ba6 25. fxg6 Qg8 26. Rg1 Qxd5 0-1


[Site "https://www.chess.com"]

[Event "Titled Tuesday Blitz October 18 Late 2022"]
[White "Hansen, Eric"]
[Black "Jaferian, Koosha"]
[WhiteFideId "2606771"]
[BlackFideId "12507440"]
[WhiteElo "2568"]
[BlackElo "2127"]
[Result "1-0"]
[Round "06"]
[TimeControl "180+1"]
[Date "2022.10.18"]
[WhiteClock "0:00:33"]
[BlackClock "0:00:03"]

1. b3 d5 2. Bb2 Bf5 3. Nf3 Nf6 4. d3 e6 5. Nbd2 h6 6. Rg1 Nbd7 7. h3 a5 8. a3 c6 9. g4 Bh7 10. g5 hxg5 11. Nxg5 e5 12. e3 Bg6 13. Ne6 Qb6 14. Nxf8 Rxf8 15. Rg5 Qc7 16. Nf3 e4 17. Nh4 exd3 18. cxd3 O-O-O 19. Qc2 Rfe8 20. Nxg6 fxg6 21. O-O-O Nf8 22. Bg2 Kb8 23. Kb1 N6h7 24. Rg3 Nf6 25. Bc3 Qb6 26. Ka2 Qa6 27. Bf1 b6 28. e4 d4 29. Bd2 c5 30. f4 Ka7 31. Rc1 Rc8 32. Bg2 Red8 33. Qc4 Qxc4 34. bxc4 Nh5 35. Rg4 Ne6 36. Rf1 Rf8 37. f5 gxf5 38. exf5 Nc7 39. Rg5 Nf6 40. Rxg7 Rg8 41. Rg6 Rxg6 42. fxg6 Rg8 43. Rxf6 1-0


[Site "https://www.chess.com"]

[Event "Titled Tuesday Blitz October 18 Late 2022"]
[White "Harshal, Shahi"]
[Black "Souleidis, Georgios"]
[WhiteFideId "5048257"]
[BlackFideId "4206827"]
[WhiteElo "2054"]
[BlackElo "2401"]
[Result "0-1"]
[Round "06"]
[TimeControl "180+1"]
[Date "2022.10.19"]
[WhiteClock "0:01:49"]
[BlackClock "0:01:04"]

1. e4 c5 2. Nf3 e6 3. d4 cxd4 4. Nxd4 Nf6 5. Bd3 d5 6. e5 Nfd7 7. Qe2 Nc6 8. Nxc6 bxc6 9. O-O Be7 10. f4 Nc5 11. Kh1 Nxd3 12. cxd3 a5 13. Be3 c5 14. d4 Ba6 15. Qd1 Bxf1 16. Qxf1 cxd4 17. Bxd4 O-O 18. Nc3 Qd7 19. Rd1 Rfc8 20. Qf3 Rab8 21. f5 Bf8 22. fxe6 fxe6 23. Ne2 Qf7 24. Qd3 Rb7 25. b3 Rbc7 26. Be3 Bc5 27. Bd2 Bb4 28. Be3 Qh5 29. Nf4 Qxe5 30. Nh3 Rc3 0-1


[Site "https://www.chess.com"]

[Event "Titled Tuesday Blitz October 18 Late 2022"]
[White "Hoffmann, Asa"]
[Black "P., Komal Kishore"]
[WhiteFideId "2001470"]
[BlackFideId "5016703"]
[WhiteElo "2117"]
[BlackElo "2101"]
[Result "1-0"]
[Round "06"]
[TimeControl "180+1"]
[Date "2022.10.19"]
[WhiteClock "0:02:34"]
[BlackClock "0:02:03"]

1. d4 d5 2. Bg5 c5 3. dxc5 Qa5+ 4. Nc3 e6 5. e4 dxe4 6. b4 Qc7 7. Nb5 Qd7 8. Qxd7+ Kxd7 9. O-O-O+ Kc6 10. Nd4+ Kc7 11. Bf4+ Kd7 12. Bb5+ 1-0


[Site "https://www.chess.com"]

[Event "Titled Tuesday Blitz October 18 Late 2022"]
[White "Iliaguev, Nisim"]
[Black "Zhigalko, Sergei"]
[WhiteFideId "2817276"]
[BlackFideId "13502956"]
[WhiteElo "2264"]
[BlackElo "2662"]
[Result "1-0"]
[Round "06"]
[TimeControl "180+1"]
[Date "2022.10.18"]
[WhiteClock "0:00:21"]
[BlackClock "0:00:04"]

1. d4 Nf6 2. Nf3 e6 3. Bg5 h6 4. Bxf6 Qxf6 5. e4 d6 6. c3 Nd7 7. Nbd2 Qe7 8. Bd3 g6 9. O-O Bg7 10. Qc2 O-O 11. a4 a5 12. h3 b6 13. Rfe1 Bb7 14. Nf1 Rfd8 15. Ng3 e5 16. Rad1 Nf8 17. Bc4 Ne6 18. h4 h5 19. Qb3 Bf6 20. Nf1 Rac8 21. Bd5 Ba6 22. Ne3 Nf4 23. g3 Nxd5 24. Nxd5 Qe6 25. dxe5 dxe5 26. c4 Be7 27. Ng5 Bxg5 28. hxg5 Kg7 29. Qc3 Re8 30. b3 Bb7 31. Nf6 Re7 32. f4 Qh3 33. Rd2 h4 34. Rh2 Qxg3+ 35. Qxg3 hxg3 36. Rh7+ Kf8 37. Rh8+ Kg7 38. Rh7+ Kf8 39. Rd1 exf4 40. Rh8+ Kg7 41. Rxc8 Re5 42. Rg8# 1-0


[Site "https://www.chess.com"]

[Event "Titled Tuesday Blitz October 18 Late 2022"]
[White "Ismayil, Malak"]
[Black "Graif, William"]
[WhiteFideId "13412604"]
[BlackFideId "2609835"]
[WhiteElo "1879"]
[BlackElo "2205"]
[Result "0-1"]
[Round "06"]
[TimeControl "180+1"]
[Date "2022.10.19"]
[WhiteClock "0:00:13"]
[BlackClock "0:00:14"]

1. e4 e5 2. Nf3 Nf6 3. Nxe5 Nxe4 4. Nc3 d5 5. Nxe4 dxe4 6. d4 Nd7 7. Nxd7 Bxd7 8. Bc4 Bd6 9. Be3 O-O 10. Qd2 Kh8 11. O-O-O f5 12. Bf4 Qf6 13. Bxd6 Qxd6 14. h4 Rae8 15. Bb3 f4 16. Rde1 Bg4 17. c3 Re7 18. Bc2 Rfe8 19. Kb1 Bf5 20. Re2 e3 21. fxe3 fxe3 22. Qd1 Bg4 23. Rhe1 Bxe2 24. Qxe2 Qf4 25. Qd3 g6 26. a4 e2 27. h5 Qf2 28. Qd2 Rf8 29. hxg6 Qxe1+ 30. Qxe1 Rf1 0-1


[Site "https://www.chess.com"]

[Event "Titled Tuesday Blitz October 18 Late 2022"]
[White "Izuzquiza Gonzalez, Javier"]
[Black "Aqib Javaid Butt"]
[WhiteFideId "3101029"]
[BlackFideId "7801262"]
[WhiteElo "2034"]
[BlackElo "1659"]
[Result "1-0"]
[Round "06"]
[TimeControl "180+1"]
[Date "2022.10.19"]
[WhiteClock "0:01:59"]
[BlackClock "0:00:07"]

1. d4 d5 2. c4 c6 3. Nf3 Nf6 4. g3 e6 5. Bg2 Be7 6. O-O O-O 7. Qc2 Nbd7 8. Nbd2 b6 9. e4 dxe4 10. Nxe4 Bb7 11. Rd1 Nxe4 12. Qxe4 Nf6 13. Qc2 Qc7 14. Bf4 Bd6 15. Bxd6 Qxd6 16. c5 Qc7 17. b4 Nd5 18. a3 a5 19. Qb3 Ba6 20. Ne5 Be2 21. Rd2 Bh5 22. Bxd5 exd5 23. cxb6 Qxb6 24. Nd7 Qb7 25. Nxf8 Rxf8 26. Rb1 Rb8 27. Rdb2 Bg6 28. bxa5 Qxb3 29. Rxb3 Rxb3 30. Rxb3 1-0


[Site "https://www.chess.com"]

[Event "Titled Tuesday Blitz October 18 Late 2022"]
[White "Janaszak, Dawid"]
[Black "Dzierzak, Radoslaw"]
[WhiteFideId "1119206"]
[BlackFideId "1161407"]
[WhiteElo "2226"]
[BlackElo "2111"]
[Result "1-0"]
[Round "06"]
[TimeControl "180+1"]
[Date "2022.10.19"]
[WhiteClock "0:02:00"]
[BlackClock "0:00:37"]

1. e4 c5 2. Nc3 Nc6 3. Bb5 g6 4. Bxc6 bxc6 5. d3 Bg7 6. Be3 d6 7. Qd2 Rb8 8. Rb1 e5 9. Nge2 Ne7 10. Bh6 O-O 11. O-O f5 12. Bxg7 Kxg7 13. f4 fxe4 14. Nxe4 d5 15. Nxc5 Qb6 16. b4 a5 17. fxe5 axb4 18. d4 Rxf1+ 19. Rxf1 Ba6 20. Ne6+ Kg8 21. Qh6 Nf5 22. Rxf5 1-0


[Site "https://www.chess.com"]

[Event "Titled Tuesday Blitz October 18 Late 2022"]
[White "Jean Louis, Marckens"]
[Black "Abdyzhapar, Asylbek"]
[WhiteFideId "11900270"]
[BlackFideId "13800337"]
[WhiteElo "2030"]
[BlackElo "2323"]
[Result "0-1"]
[Round "06"]
[TimeControl "180+1"]
[Date "2022.10.19"]
[WhiteClock "0:00:02"]
[BlackClock "0:01:00"]

1. d4 d5 2. Nf3 Nf6 3. c4 e6 4. Nc3 Be7 5. cxd5 exd5 6. Bg5 O-O 7. e3 Nbd7 8. Rc1 c6 9. Bd3 Re8 10. O-O Nf8 11. Re1 Ng6 12. Ne2 Bd6 13. Qc2 h6 14. Bxg6 fxg6 15. Bf4 Bf5 16. Qb3 Bf8 17. Ng3 Bc8 18. Be5 Ng4 19. h3 Nxe5 20. Nxe5 g5 21. e4 Kh7 22. Qc2 Kg8 23. Qb3 Re7 24. exd5 Qxd5 25. Qc2 Re6 26. Nf3 Bd7 27. Rxe6 Bxe6 28. Re1 Qxa2 29. Qg6 Bf7 30. Qf5 Qd5 31. Ne5 Re8 32. Kh2 Bd6 33. f4 Bxe5 34. dxe5 gxf4 35. Qxf4 Be6 36. Re3 Rf8 37. Qh4 Rf2 38. Re4 Bf5 39. Nxf5 Rxf5 40. Qe1 Qe6 41. Qe3 b6 42. Qd4 c5 43. Qd8+ Kh7 44. Qc7 Rf7 45. Qb8 Qf5 46. e6 Re7 47. Qd6 Qf6 48. Re5 c4 49. Kh1 b5 50. Qd5 a6 51. Qe4+ Qg6 52. Qd5 Qf6 53. Kh2 Qf4+ 54. g3 Qf2+ 55. Kh1 Qxg3 56. Qd6 Qxh3+ 57. Kg1 Qg3+ 58. Kh1 Qh4+ 59. Kg2 Qf6 60. Qd4 b4 61. Qe4+ Qg6+ 62. Qxg6+ Kxg6 63. Kf3 Kf6 64. Rc5 c3 65. bxc3 b3 0-1


[Site "https://www.chess.com"]

[Event "Titled Tuesday Blitz October 18 Late 2022"]
[White "Jimenez Almeida, Luis David"]
[Black "Von Buelow, Georg"]
[WhiteFideId "22242244"]
[BlackFideId "4620658"]
[WhiteElo "2158"]
[BlackElo "2233"]
[Result "1-0"]
[Round "06"]
[TimeControl "180+1"]
[Date "2022.10.19"]
[WhiteClock "0:02:04"]
[BlackClock "0:01:08"]

1. e4 c5 2. Nc3 Nc6 3. g3 g6 4. Bg2 Bg7 5. d3 d6 6. Be3 e6 7. Qd2 Qa5 8. Nge2 Nd4 9. O-O Ne7 10. a3 O-O 11. b4 Nxe2+ 12. Nxe2 Qc7 13. c3 b6 14. Bh6 Bb7 15. Bxg7 Kxg7 16. h4 Rac8 17. c4 d5 18. Qb2+ d4 19. h5 f5 20. Nf4 Qd7 21. bxc5 Rxc5 22. hxg6 hxg6 23. exf5 exf5 24. Bxb7 1-0


[Site "https://www.chess.com"]

[Event "Titled Tuesday Blitz October 18 Late 2022"]
[White "Jimenez Fernandez, Rebeca"]
[Black "Souza Santos, Carlos Roberto"]
[WhiteFideId "32070934"]
[BlackFideId "2150603"]
[WhiteElo "1946"]
[BlackElo "2064"]
[Result "0-1"]
[Round "06"]
[TimeControl "180+1"]
[Date "2022.10.19"]
[WhiteClock "0:00:10"]
[BlackClock "0:01:08"]

1. e4 e5 2. d4 Nc6 3. d5 Nce7 4. Nf3 d6 5. c4 f5 6. Nc3 Nf6 7. Bd3 f4 8. g3 fxg3 9. hxg3 Bg4 10. Be2 Qd7 11. Ng5 O-O-O 12. Nb5 Kb8 13. Bxg4 Nxg4 14. Ne6 Nf6 15. Nxd8 Qxd8 16. Be3 a6 17. Nc3 h6 18. b4 Nc8 19. a4 Be7 20. a5 g5 21. b5 axb5 22. Nxb5 h5 23. a6 b6 24. a7+ Ka8 25. Qa4 Qd7 26. Qa6 Nxe4 27. Ke2 Nc5 28. Bxc5 dxc5 29. Rhb1 Bd6 30. Nxd6 Nxd6 31. Rxb6 cxb6 32. Qxb6 Nxc4 33. Qxc5 Rc8 34. Qb4 Qxd5 35. Rd1 Qe4+ 36. Kf1 Ne3+ 37. fxe3 Qxb4 38. Kf2 h4 39. gxh4 0-1


[Site "https://www.chess.com"]

[Event "Titled Tuesday Blitz October 18 Late 2022"]
[White "Jimenez Jimenez, Leandro"]
[Black "Harish, Neeraj"]
[WhiteFideId "6415253"]
[BlackFideId "30958130"]
[WhiteElo "2217"]
[BlackElo "1815"]
[Result "1-0"]
[Round "06"]
[TimeControl "180+1"]
[Date "2022.10.19"]
[WhiteClock "0:01:12"]
[BlackClock "0:01:28"]

1. d4 d5 2. c4 e6 3. cxd5 exd5 4. Nc3 Nf6 5. Bg5 Be7 6. e3 h6 7. Bh4 O-O 8. Nf3 c6 9. Be2 Nbd7 10. O-O Nh5 11. Bxe7 Qxe7 12. Qc2 Nhf6 13. Bd3 Re8 14. Rab1 Ne4 15. Bxe4 dxe4 16. Nd2 f5 17. Rfe1 Nf6 18. Nf1 Nd5 19. Ne2 Be6 20. a3 a5 21. Rec1 a4 22. Qc5 Qxc5 23. Rxc5 g5 24. Nfg3 Kg7 25. h4 Kg6 26. h5+ Kf6 27. Rbc1 Ra6 28. Nc3 Nxc3 29. R1xc3 Rb6 30. Ra5 Rxb2 31. Rxa4 Ra2 32. Ra7 Rb8 33. Rc5 Bd5 34. a4 f4 35. Nf1 Ra1 36. a5 b6 37. axb6 Rxb6 38. Rxa1 1-0


[Site "https://www.chess.com"]

[Event "Titled Tuesday Blitz October 18 Late 2022"]
[White "Kanakaris, Georgios"]
[Black "Li, Ruifeng"]
[WhiteFideId "4209460"]
[BlackFideId "2061074"]
[WhiteElo "2291"]
[BlackElo "2441"]
[Result "1-0"]
[Round "06"]
[TimeControl "180+1"]
[Date "2022.10.18"]
[WhiteClock "0:00:19"]
[BlackClock "0:00:22"]

1. d4 Nf6 2. Nf3 e6 3. g3 b6 4. Bg2 Bb7 5. O-O g6 6. c4 Bg7 7. Nc3 Ne4 8. Qc2 Nxc3 9. Qxc3 d6 10. Rd1 O-O 11. Qc2 Nc6 12. Bg5 Qc8 13. Qd2 e5 14. d5 Nb8 15. e4 a5 16. b3 Na6 17. a3 Nc5 18. Qc2 a4 19. b4 Nb3 20. Ra2 h6 21. Be3 f5 22. exf5 gxf5 23. Bh3 c6 24. Nh4 cxd5 25. cxd5 Qxc2 26. Rxc2 f4 27. Bxb6 Bc8 28. Bxc8 Rfxc8 29. Rc6 Bf8 30. gxf4 exf4 31. Ng6 Kf7 32. Nxf4 Be7 33. Rd3 Rg8+ 34. Rg3 Bh4 35. Rc7+ Kf6 36. Nh5+ Ke5 37. Rgg7 Kxd5 38. Kf1 Rae8 39. Rxg8 Nd2+ 40. Kg2 Rxg8+ 41. Kh3 Nf3 42. Rc3 Ke4 43. Re3+ Kd5 44. Rxf3 Bg5 45. Rg3 Rf8 46. f4 Bxf4 47. Rf3 Ke4 48. Rxf4+ Rxf4 49. Nxf4 Kxf4 50. Bc7 Ke5 51. b5 Kd5 52. b6 Kc6 53. Kg4 d5 54. Kf4 1-0


[Site "https://www.chess.com"]

[Event "Titled Tuesday Blitz October 18 Late 2022"]
[White "Kanter, Eduard"]
[Black "Brown, Andrew"]
[WhiteFideId "4103963"]
[BlackFideId "3206513"]
[WhiteElo "2267"]
[BlackElo "2245"]
[Result "0-1"]
[Round "06"]
[TimeControl "180+1"]
[Date "2022.10.19"]
[WhiteClock "0:00:02"]
[BlackClock "0:00:02"]

1. d4 g6 2. c4 Bg7 3. e4 d6 4. Nc3 Nd7 5. Nf3 c5 6. d5 a6 7. a4 Ngf6 8. Bd3 O-O 9. O-O Qc7 10. h3 Ne5 11. Nxe5 dxe5 12. f4 e6 13. dxe6 Bxe6 14. f5 Bd7 15. a5 Rad8 16. Nd5 Nxd5 17. cxd5 c4 18. Bc2 gxf5 19. exf5 Qc5+ 20. Kh1 f6 21. Qf3 Bb5 22. Rd1 Rd6 23. Be4 Rfd8 24. Be3 Qb4 25. Bb6 Rxb6 26. axb6 Rd6 27. Qa3 Qxa3 28. bxa3 Bh6 29. a4 Be8 30. a5 Bb5 31. Kg1 Be3+ 32. Kh2 Kf7 33. Kg3 Ke7 34. Kf3 Bd4 35. g4 Rd8 36. h4 h6 37. Rab1 Kd6 38. Rd2 Kc5 39. Rg2 Rxd5 40. Bxd5 Kxd5 41. g5 fxg5 42. hxg5 e4+ 43. Kg4 hxg5 44. Kxg5 c3 45. f6 Ke6 46. Kf4 Bd3 47. Re1 Bxf6 48. Rxe4+ Bxe4 49. Kxe4 Kd7 50. Kd5 Ke7 51. Re2+ Kd7 52. Rf2 Bg5 53. Rf7+ Kd8 54. Rc7 Bd2 55. Ke6 Be1 56. Rc4 Bd2 57. Rc7 Be1 58. Rxb7 c2 0-1


[Site "https://www.chess.com"]

[Event "Titled Tuesday Blitz October 18 Late 2022"]
[White "Karas, Marek"]
[Black "Gasparyan, David"]
[WhiteFideId "14928558"]
[BlackFideId "13311980"]
[WhiteElo "2220"]
[BlackElo "2374"]
[Result "0-1"]
[Round "06"]
[TimeControl "180+1"]
[Date "2022.10.19"]
[WhiteClock "0:00:04"]
[BlackClock "0:00:05"]

1. a3 d5 2. Nf3 e6 3. e3 f5 4. c4 c6 5. b4 Nf6 6. Bb2 Be7 7. h3 Nbd7 8. g4 O-O 9. g5 Ne4 10. h4 f4 11. d3 Nd6 12. Bh3 fxe3 13. Bxe6+ Kh8 14. fxe3 Nf5 15. Qd2 Ng3 16. Qc3 Nf6 17. Bxc8 Nxh1 18. Bxb7 Rb8 19. Bxc6 dxc4 20. dxc4 Qc7 21. Ne5 Nh5 22. Nd2 Nf2 23. Bf3 Rxf3 24. Ndxf3 Ne4 25. Qd4 Nd6 26. O-O-O a5 27. g6 axb4 28. Ng5 Nf6 29. Nef7+ Nxf7 30. Nxf7+ Kg8 31. Ng5 hxg6 32. axb4 Rxb4 33. Kc2 Rxc4+ 34. Bc3 Rxd4 35. Rxd4 Qh2+ 36. Kb3 Qb8+ 37. Kc2 Qb7 38. Rc4 Qd7 39. Rd4 Qf5+ 40. Kb2 Nd5 41. Rc4 Bxg5 42. hxg5 Qxg5 43. e4 Ne3 44. Rc8+ Kh7 45. Rc7 Qg2+ 46. Kb3 Qxe4 47. Rxg7+ Kh6 48. Rg8 Qc4+ 49. Kb2 Qxg8 50. Bd2 g5 51. Bxe3 Qb8+ 52. Kc3 Qe5+ 53. Kd3 Kh5 54. Ke2 g4 55. Kf2 g3+ 56. Kf3 Kh4 57. Bg1 Qf5+ 58. Kg2 Qe4+ 59. Kf1 Qf3+ 60. Ke1 Qh1 61. Kf1 Kh3 62. Ke2 Qxg1 0-1


[Site "https://www.chess.com"]

[Event "Titled Tuesday Blitz October 18 Late 2022"]
[White "Keymer, Vincent"]
[Black "Erdogdu, Mert"]
[WhiteFideId "12940690"]
[BlackFideId "6301495"]
[WhiteElo "2600"]
[BlackElo "2413"]
[Result "1-0"]
[Round "06"]
[TimeControl "180+1"]
[Date "2022.10.18"]
[WhiteClock "0:00:06"]
[BlackClock "0:00:07"]

1. a3 g6 2. d4 Bg7 3. e4 d6 4. Nc3 Nd7 5. Nf3 c5 6. d5 Ngf6 7. h3 a6 8. a4 O-O 9. Be2 Ne5 10. Nxe5 dxe5 11. a5 Qc7 12. Be3 Ne8 13. Na4 Qxa5+ 14. c3 Nd6 15. Bxc5 Qd8 16. Bb6 Qe8 17. Nc5 f5 18. O-O fxe4 19. Bg4 Bf5 20. Ne6 Rf6 21. Nc7 Qc8 22. Nxa8 Qxa8 23. Bc5 Qc8 24. Bxd6 exd6 25. Ra4 Qe8 26. Re1 h5 27. Be2 Bh6 28. Bf1 Rf7 29. Raxe4 Bxe4 30. Rxe4 Qe7 31. Bd3 Kg7 32. Qe2 Qf6 33. Rc4 Bc1 34. h4 b5 35. Re4 Bh6 36. g3 Rc7 37. Kg2 Rc5 38. c4 bxc4 39. Bxc4 a5 40. b3 Bc1 41. Qd3 Ba3 42. Re3 Bb4 43. Rf3 Qe7 44. Qe4 Qe8 45. Qe3 Rc7 46. Qg5 Rf7 47. Rxf7+ Qxf7 48. f4 exf4 49. gxf4 Bd2 50. Kf3 Qe8 51. Qg1 Qe7 52. Qd4+ Kh6 53. Qxd2 Qxh4 54. Qg2 Kg7 55. Qb2+ Kh6 56. Qf2 Qg4+ 57. Ke3 Qd1 58. Qe2 Qc1+ 59. Kf3 Qh1+ 60. Qg2 Qd1+ 61. Kg3 Qe1+ 62. Kh3 Qe3+ 63. Qg3 Qe7 64. Bd3 Qf6 65. Be4 Kg7 66. Qf3 Kh6 67. f5 g5 68. Kg2 Qe5 69. Bd3 g4 70. Qe4 Qf6 71. Qf4+ Kg7 72. Qe4 Qb2+ 73. Kg3 Qf6 74. Qe6 Qg5 75. Qg6+ Qxg6 76. fxg6 Kh6 77. Kh4 Kg7 78. Bc2 Kh6 79. Be4 Kg7 80. Kxh5 g3 81. Kg5 1-0


[Site "https://www.chess.com"]

[Event "Titled Tuesday Blitz October 18 Late 2022"]
[White "Kirillov, Dmitry"]
[Black "Winkels, Marcel"]
[WhiteFideId "34180572"]
[BlackFideId "1003887"]
[WhiteElo "2095"]
[BlackElo "1900"]
[Result "1-0"]
[Round "06"]
[TimeControl "180+1"]
[Date "2022.10.19"]
[WhiteClock "0:00:25"]
[BlackClock "0:00:24"]

1. e4 c5 2. Nc3 d6 3. f4 g6 4. Nf3 Bg7 5. Bc4 Nc6 6. O-O e6 7. d3 Nge7 8. Qe1 O-O 9. f5 gxf5 10. Qh4 Ng6 11. Qxd8 Rxd8 12. exf5 exf5 13. Bg5 Re8 14. Nb5 Re2 15. Nxd6 Be6 16. Bxe6 fxe6 17. Rf2 Rxf2 18. Kxf2 Nd4 19. Re1 e5 20. c3 Nc6 21. Nxf5 Bh8 22. Nh6+ Kf8 23. Ng4 Nf4 24. Bxf4 exf4 25. Re4 Rd8 26. Rxf4+ Kg8 27. Ke2 Re8+ 28. Re4 Rd8 29. Ng5 b5 30. Ne6 Rd5 31. Nh6# 1-0


[Site "https://www.chess.com"]

[Event "Titled Tuesday Blitz October 18 Late 2022"]
[White "Kobla, Vishal"]
[Black "Roque Sola, Jose Luis"]
[WhiteFideId "2078457"]
[BlackFideId "5120390"]
[WhiteElo "1972"]
[BlackElo "2117"]
[Result "1/2-1/2"]
[Round "06"]
[TimeControl "180+1"]
[Date "2022.10.19"]
[WhiteClock "0:00:15"]
[BlackClock "0:00:22"]

1. e4 e6 2. d4 d5 3. Nd2 c5 4. exd5 Qxd5 5. Ngf3 cxd4 6. Bc4 Qd8 7. O-O Nf6 8. Nb3 Nc6 9. Nbxd4 Nxd4 10. Nxd4 a6 11. c3 Qc7 12. Qe2 Bd6 13. Nf5 Bxh2+ 14. Kh1 O-O 15. Nxg7 Bf4 16. Nh5 Nxh5 17. Qxh5 Bxc1 18. Bd3 f5 19. Raxc1 Qf7 20. Qh4 Qf6 21. Qg3+ Kh8 22. Rce1 Rg8 23. Qe5 Qxe5 24. Rxe5 Bd7 25. Rfe1 Rg6 26. Bc4 Rag8 27. g3 f4 28. Bxe6 Bxe6 29. Rxe6 fxg3 30. Rxg6 Rxg6 31. fxg3 Rxg3 32. Re8+ Rg8 33. Re7 Rg7 34. Re8+ Rg8 35. Re7 Rg7 36. Re8+ Rg8 1/2-1/2


[Site "https://www.chess.com"]

[Event "Titled Tuesday Blitz October 18 Late 2022"]
[White "Korchmar, Vasiliy"]
[Black "Carbone, Diego"]
[WhiteFideId "24131750"]
[BlackFideId "3002179"]
[WhiteElo "2370"]
[BlackElo "2243"]
[Result "1-0"]
[Round "06"]
[TimeControl "180+1"]
[Date "2022.10.19"]
[WhiteClock "0:01:32"]
[BlackClock "0:00:08"]

1. e4 e5 2. Nf3 Nc6 3. Bc4 Bc5 4. c3 Nf6 5. d3 O-O 6. Bg5 h6 7. Bh4 Be7 8. Nbd2 d6 9. a4 Be6 10. a5 a6 11. O-O d5 12. exd5 Bxd5 13. Re1 Qd6 14. Bg3 Nh5 15. Bxe5 Nxe5 16. Rxe5 Nf6 17. Bxd5 Nxd5 18. Qb3 Rfd8 19. Rae1 Bf6 20. Ne4 Qd7 21. Rxd5 Qxd5 22. Nxf6+ gxf6 23. Re8+ Kg7 24. Qxd5 Rxd5 25. Rxa8 Rxd3 26. Kf1 Rd1+ 27. Ke2 Rb1 28. b4 Rb2+ 29. Nd2 Rc2 30. Kd3 Rc1 31. Ra7 1-0


[Site "https://www.chess.com"]

[Event "Titled Tuesday Blitz October 18 Late 2022"]
[White "Kovacevic, Radmila"]
[Black "Banzea, Alexandru-Bogdan"]
[WhiteFideId "933171"]
[BlackFideId "1232622"]
[WhiteElo "2208"]
[BlackElo "2294"]
[Result "1-0"]
[Round "06"]
[TimeControl "180+1"]
[Date "2022.10.19"]
[WhiteClock "0:00:54"]
[BlackClock "0:00:01"]

1. e4 c5 2. Nf3 g6 3. d3 Bg7 4. g3 Nc6 5. Bg2 e6 6. O-O Nge7 7. c4 O-O 8. Nc3 d6 9. Bg5 h6 10. Be3 Rb8 11. Rb1 a6 12. a4 Nd4 13. Qd2 Kh7 14. h4 Nec6 15. Nh2 b5 16. axb5 axb5 17. cxb5 Nxb5 18. Ng4 h5 19. Nxb5 Rxb5 20. Nh2 Qb6 21. g4 hxg4 22. Nxg4 Rxb2 23. Rxb2 Qxb2 24. Qd1 Nd4 25. h5 gxh5 26. Nh2 Qe2 27. Qb1 Rg8 28. Re1 Qc2 29. Qb6 Be5 30. Kh1 Qxd3 31. Qc7 Rf8 32. Bxd4 Bxd4 33. Qxd6 Qd2 34. Qxf8 Qxe1+ 35. Nf1 Qxf2 36. Kh2 Bb7 37. Kh3 Be5 38. Qe7 Bxe4 39. Bxe4+ Kg7 40. Qg5+ 1-0


[Site "https://www.chess.com"]